 Dungeon Crawl Stone Soup version 0.30.1-11-g7821555f0a (webtiles) character file.

Game seed: 6491446750831774926

254 Arctor the Changer (level 5, -8/41 HPs)
             Began as a Draconian Transmuter on Jan 12, 2024.
             Was an Initiate of Fedhas.
             Killed from afar by Ijyb (18 damage)
             ... with a bolt of dispelling energy
             ... on level 5 of the Dungeon.
             The game lasted 00:09:05 (4114 turns).

Arctor the Changer (Draconian Transmuter)           Turns: 4114, Time: 00:09:07

Health: -8/41      AC:  6    Str: 15    XL:     5   Next: 90%
Magic:  8/8        EV: 17    Int: 16    God:    Fedhas [......]
Gold:   324        SH:  0    Dex: 16    Spells: 2/9 levels left

rFire   + . .        e - +2 sling "Ocyomyip" {flame, *Corrode +Blink Str+3 Dex+5}
rCold   + . .        (no shield)
rNeg    . . .        (body armour unavailable)
rPois   +            (helmet restricted)
rElec   +            (no cloak)
rCorr   +            (no gloves)
SInv    .            p - +0 pair of boots
Will    .....        (no amulet)
Stlth   +            i - ring of flight
HPRegen 0.26/turn    r - +5 ring of evasion
MPRegen 0.11/turn

%: corrode self (3%)
@: resistant (expiring), flying
A: AC +5, unfitting armour, cold-blooded
a: Renounce Religion, Evoke Blink


You were on level 5 of the Dungeon.
You worshipped Fedhas.
Fedhas was noncommittal.
You visited 2 branches of the dungeon, and saw 6 of its levels.

You collected 324 gold pieces.

Inventory:

Hand Weapons
 e - the +2 sling "Ocyomyip" (weapon) {flame, *Corrode +Blink Str+3 Dex+5}
   (You found it on level 3 of the Dungeon)

   Str:       It affects your strength (+3).
   Dex:       It affects your dexterity (+5).
   +Blink:    It lets you blink.
   *Corrode:  It may corrode you when you take damage.
 h - a +1 sling of flaming
 q - the +9 dagger "Newtbane" {venom, *Noise rPois rCorr Str+5}
   (You found it on level 4 of the Dungeon)

   Str:       It affects your strength (+5).
   rPois:     It protects you from poison.
   *Noise:    It may make noises in combat.
   rCorr:     It protects you from acid and corrosion.
Armour
 p - a +0 pair of boots (worn)
Jewellery
 i - a ring of flight (left hand)
 r - a +5 ring of evasion (right hand)
Wands
 b - a wand of mindburst (17)
 j - a wand of polymorph (12)
Scrolls
 c - 4 scrolls of magic mapping
 d - 3 scrolls of teleportation
 m - 2 scrolls of immolation
Potions
 a - a potion of lignification
 g - 3 potions of might
 k - 2 potions of brilliance


   Skills:
 + Level 2.2 Fighting
 + Level 1.7 Ranged Weapons
 + Level 2.4 Dodging
 - Level 3.4 Unarmed Combat
 + Level 2.5 Spellcasting
 + Level 1.4 Translocations
 - Level 3.5 Transmutations
 + Level 1.4 Evocations


You had 2 spell levels left.
You knew the following spells:

 Your Spells              Type           Power      Damage    Failure   Level
a - Beastly Appendage     Tmut           26%        N/A       4%          1
b - Spider Form           Tmut/Pois      7%         N/A       28%         3
c - Teleport Other        Tloc           6%         N/A       32%         3

Your spell library contained the following spells:

 Spells                   Type           Power      Damage    Failure   Level
 Wereblood                Tmut           13%        N/A       7%          2
 Gell's Gravitas          Tloc           6%         N/A       32%         3
 Ice Form                 Ice/Tmut       7%         N/A       67%         4
 Dispersal                Tloc           3%         N/A       100%        6


Dungeon Overview and Level Annotations

Branches:
Dungeon (5/15)             Temple (1/1) D:4

Altars:
Ashenzari
Dithmenos
Elyvilon
Fedhas
Gozag
Kikubaaqudgha
Makhleb
Nemelex Xobeh
Okawaru
Qazlal
Sif Muna
Uskayaw
Xom
Yredelemnul
Zin

Annotations:
D:5 Ijyb


Innate Abilities, Weirdness & Mutations

Your plain brown scales are hard. (AC +5)
You cannot fit into any form of body armour.
You are cold-blooded and may be slowed by cold attacks.


Message History

The bolt of dispelling energy hits the orc!
The orc dies!
The bolt of dispelling energy hits you!
Okay, then.
As you read the scroll of fog, it crumbles to dust.
The scroll dissolves into smoke.
Ijyb screams, "No!
No, no, no, no!"
Ijyb zaps a wand.
The bolt of dispelling energy misses you.
Okay, then.
Okay, then.
You shoot a sling bullet. The sling bullet closely misses Ijyb.
Ijyb closely misses you. x2
You shoot a sling bullet. The sling bullet barely misses Ijyb.
Ijyb zaps a wand.
The bolt of dispelling energy misses you.
You shoot a sling bullet. The sling bullet hits Ijyb.
The sling bullet burns Ijyb.
Ijyb is moderately wounded.
Ijyb misses you.
You shoot a sling bullet. The sling bullet hits Ijyb.
The sling bullet burns Ijyb.
Ijyb is moderately wounded.
Ijyb closely misses you. Ijyb hits you with a +0 dagger.
You shoot a sling bullet. The sling bullet closely misses Ijyb.
Ijyb zaps a wand.
The bolt of dispelling energy hits you!!
Ouch! That really hurt!
* * * LOW HITPOINT WARNING * * *
Okay, then.
Okay, then.
Okay, then.
It was a potion of curing.
You feel better. Ijyb hits you but does no damage.
It was a potion of resistance.
You feel protected.
Ijyb zaps a wand.
The bolt of dispelling energy hits you!!
Your magical effects are unravelling.
You die...
Fedhas appreciates your contribution to the ecosystem.

#. #.. ....
..#.. .._
.#.. ♣..
...♣.. ♣
....♣♣.♣
§§§§..
####g§#
####+#§§@§#
#.....§##§#
#......##§#
#......##.#
#......##.#
#......##+##
#..........#
#..........#
####........


You could see Ijyb.

Vanquished Creatures
  A water moccasin (D:5)
  A hound (D:5)
  5 adders
  A white imp (D:5)
  3 orcs (D:3)
  3 endoplasms
  5 giant cockroaches
  4 hobgoblins
  8 jackals
  3 quokkas
  5 ball pythons
  11 bats
  5 goblins
  5 kobolds
  4 rats
64 creatures vanquished.

Vanquished Creatures (others)
  An orc (D:5)
1 creature vanquished.

Grand Total: 65 creatures vanquished

Notes
Turn   | Place    | Note
-------+----------+-------------------------------------------
     0 | D:1      | Arctor the Draconian Transmuter began the quest for the
                  | Orb.
     0 | D:1      | Reached XP level 1. HP: 16/16 MP: 3/3
   306 | D:1      | Reached XP level 2. HP: 21/23 MP: 3/5
   592 | D:1      | Found a faded altar of an unknown god.
  1068 | D:2      | Found a broken altar of Ashenzari.
  1228 | D:2      | Reached XP level 3. HP: 28/28 MP: 6/6
  1485 | D:2      | Learned a level 3 spell: Spider Form
  1897 | D:3      | Identified the +2 sling "Ocyomyip" {flame, *Corrode +Blink
                  | Str+3 Dex+5}
  2691 | D:3      | Reached skill level 1 in Ranged Weapons
  2729 | D:3      | Reached XP level 4. HP: 35/35 MP: 7/7
  2988 | D:3      | Found a shimmering altar of Xom.
  2993 | D:3      | Learned a level 3 spell: Teleport Other
  3285 | D:4      | Found a burning altar of Makhleb.
  3368 | D:4      | Found a staircase to the Ecumenical Temple.
  3374 | Temple   | Entered the Ecumenical Temple
  3477 | Temple   | Became a worshipper of Fedhas Madash
  3619 | D:4      | Identified the +9 dagger "Newtbane" {venom, *Noise rPois
                  | rCorr Str+5}
  3911 | D:5      | Entered Level 5 of the Dungeon
  3914 | D:5      | Noticed a water moccasin
  3926 | D:5      | Killed a water moccasin
  3927 | D:5      | Reached skill level 1 in Translocations
  3927 | D:5      | Reached skill level 1 in Evocations
  3927 | D:5      | Reached XP level 5. HP: 26/41 MP: 1/8
  4098 | D:5      | Found an iron altar of Okawaru.
  4103 | D:5      | Noticed Ijyb
  4112 | D:5      | HP: 1/41 [Ijyb/bolt of dispelling energy (21)]
  4114 | D:5      | Killed from afar by Ijyb

Illustrated notes

Levels and vault maps discovered:
D:1:      ncdulo_lavacross, layout_basic, shapermc_ecumenical_altar_hornbeckon
D:2:      layout_basic, basic_altar
D:3:      layout_loops_corners, mainiacjoe_overflow_alcove_4,
          serial_co_window_serial, co_window_corner_a,
          co_window_of_opportunity_a, co_window_paths_a, co_window_paths_b,
          co_window_paths_a, co_window_unsneaky_path_c,
          co_window_unsneaky_path_c, co_window_corner_b, co_window_2corner,
          co_window_unsneaky_path_d, glass_columns_c, glass_columns_b,
          glass_columns_a, glass_columns_c, glass_columns_a
D:4:      layout_loops_cross, overflow_temple_1_default,
          minmay_temple_entry_nine_rooms, minmay_crystal_room
D:5:      layout_basic, general_overflow_altar,
          mainiacjoe_overflow_small_starburst, serial_park_tiny_2,
          uniq_menkaure, uniq_ijyb
Temple:   kb_temple_of_zot

Skill      XL: |  1  2  3  4 |
---------------+-------------+-----
Transmutations | 3 |  3.5
Ranged Weapons | 1 |  1.7
Dodging        | 2 |  2.4
Fighting       | 2 |  2.2
Translocations | 1 |  1.4
Evocations     | 1 |  1.4
Unarmed Combat | |  3.4
Spellcasting   | |  2.5

Action                     |  1- 3 |  4- 6 || total
---------------------------+-------+-------++-------
  Melee: Unarmed           |    41 |     4 ||    45
         Kick              |     6 |       ||     6
         Headbutt          |     4 |       ||     4
         Tailslap          |     3 |       ||     3
   Fire: Sling             |   140 |    47 ||   187
   Cast: Beastly Appendage |    25 |       ||    25
         Teleport Other    |       |     1 ||     1
         Spider Form       |       |     1 ||     1
    Use: Scroll            |     8 |     4 ||    12
         Potion            |     2 |     3 ||     5
 Armour: Skin              |    72 |     5 ||    77
  Dodge: Dodged            |   143 |    25 ||   168
